 Dungeon Crawl Stone Soup version 0.30-a0-373-gd37427bb62 (webtiles) character file.

Game seed: 11457437972440871289

4647 greenreed the Ogre Mage (level 10, -4/97 (102) HPs)
             Began as an Ogre Necromancer on Nov 24, 2022.
             Was a Follower of Kikubaaqudgha.
             Slain by a seven-headed hydra (14 damage)
             ... on level 9 of the Dungeon.
             The game lasted 00:30:33 (10516 turns).

greenreed the Ogre Mage (Ogre Necromancer)         Turns: 10516, Time: 00:30:33

HP:   -4/97 (102)   AC:  4    Str: 16    XL:     10   Next: 43%
MP:   22/25         EV: 10    Int: 18    God:    Kikubaaqudgha [*.....]
Gold: 510           SH:  0    Dex:  9    Spells: 23/31 levels left

rFire   + . .      SeeInvis .    x - +2 flail (holy)
rCold   . . .      Faith    .    (no shield)
rNeg    + . .      Spirit   .    w - +1 robe {rN+}
rPois   .          Reflect  .    (helmet restricted)
rElec   .          Harm     .    (no cloak)
rCorr   +          Rampage  .    (gloves unavailable)
Will    ++...                    (boots unavailable)
Stlth   +.........               K - amulet of magic regeneration
HPRegen 0.36/turn                e - ring "Bataofes" {rF+ Will+ rCorr}
MPRegen 0.59/turn                p - ring of wizardry

@: animating dead, lightly drained, invisible
A: large, unfitting armour, tough skin 1
a: Renounce Religion, Unearth Wretches


You were on level 9 of the Dungeon.
You worshipped Kikubaaqudgha.
Kikubaaqudgha was aware of your devotion.
You visited 2 branches of the dungeon, and saw 10 of its levels.
You also visited: Ossuary.

You collected 510 gold pieces.

Inventory:

Hand Weapons
 d - a +0 club
 l - a +0 giant spiked club
 x - a +2 flail of holy wrath (weapon)
Missiles
 H - 6 poisoned darts
Armour
 w - a +1 robe of positive energy (worn)
 N - a scarf of shadows
Jewellery
 c - a +6 ring of intelligence
 e - the ring "Bataofes" (left hand) {rF+ Will+ rCorr}
   (You acquired it on level 7 of the Dungeon)

   [ring of willpower]

   rF:        It protects you from fire.
   rCorr:     It protects you from acid and corrosion.
   Will:      It increases your willpower.
 g - a ring of protection from cold
 i - an amulet of reflection
 p - a ring of wizardry (right hand)
 t - a +4 ring of evasion
 u - an amulet of regeneration
 D - a +6 ring of intelligence
 G - a +4 ring of evasion
 K - an amulet of magic regeneration (around neck)
 P - a ring of ice
Wands
 o - a wand of paralysis (18)
 r - a wand of iceblast (19)
 J - a wand of polymorph (16)
Scrolls
 j - 2 scrolls of vulnerability
 k - a scroll of blinking
 m - a scroll of magic mapping
 n - 4 scrolls of teleportation
 s - a scroll of fog
 y - a scroll of enchant weapon
 z - a scroll of enchant armour
 B - a scroll of brand weapon
 C - a scroll of noise
 I - a scroll of immolation
 M - a scroll of torment
 Q - a scroll of identify
 R - a scroll of amnesia {unknown}
 S - a scroll of poison {unknown}
Potions
 a - a potion of resistance
 b - 3 potions of magic
 f - 4 potions of haste
 h - 3 potions of curing
 v - 2 potions of brilliance
 A - a potion of lignification
 E - a potion of heal wounds
 F - 2 potions of flight {unknown}
 L - 2 potions of might
 O - 3 potions of attraction


   Skills:
 * Level 7.0 Fighting
 * Level 5.1 Maces & Flails
 + Level 2.8 Dodging
 - Level 1.4 Stealth
 + Level 1.0 Shields
 * Level 11.1 Spellcasting
 * Level 7.6 Necromancy


You had 23 spell levels left.
You knew the following spells:

 Your Spells              Type           Power      Damage    Failure   Level
a - Necrotise             Necr           100%       1d9       1%          1
b - Vampiric Draining     Necr           37%        2d8       1%          3
c - Animate Dead          Necr           37%        N/A       1%          4

Your spell library contained the following spells:

 Spells                   Type           Power      Damage    Failure   Level
 Kiss of Death            Conj/Necr      92%        2d12      1%          1
 Cigotuvi's Dreadful Rot  Necr/Pois/Air  38%        N/A       1%          2
 Dispel Undead            Necr           37%        3d15      1%          4
 Agony                    Necr           37%        N/A       3%          5
 Death Channel            Necr           18%        N/A       19%         6


Dungeon Overview and Level Annotations

Branches:
Dungeon (9/15)             Temple (1/1) D:5         Ossuary (visited)
   Lair: D:8-11         Orc: D:9-12

Altars:
Ashenzari
Cheibriados
Dithmenos
Elyvilon
Fedhas
Hepliaklqana
Kikubaaqudgha
Makhleb
Okawaru
Qazlal
Ru
Sif Muna
Trog
Uskayaw
Vehumet
Wu Jian
Xom
Zin
The Shining One

Shops:
D:2 *   D:4 !

Annotations:
D:7 2 transporters, Morninglord's ghost, novice TeFi


Innate Abilities, Weirdness & Mutations

You are too large for most types of armour.
You have tough skin. (AC +1)


Message History

The howler monkey hits you but does no damage.
You sock the howler monkey!
You kill the howler monkey!
Kikubaaqudgha accepts your kill.
A seven-headed hydra comes into view.
Casting: Necrotise (safe; 1% risk of failure)
Confirm with . or Enter, or press ? or * to list all spells.
Okay, then.
Casting: Necrotise (safe; 1% risk of failure)
Confirm with . or Enter, or press ? or * to list all spells.
You call upon the dead to rise.
Kikubaaqudgha calls piteous wretches from the earth! 2 adders come into view.
The helpless adder fails to defend itself.
You sock the adder!
You kill the adder!
That felt strangely unrewarding.
The dead are slithering!
A nearby adder perishes wretchedly.
The dead are slithering!
The seven-headed hydra bites you. The seven-headed hydra bites you!
The seven-headed hydra barely misses you.
The seven-headed hydra bites you.
The seven-headed hydra barely misses you.
The seven-headed hydra bites you.
The seven-headed hydra closely misses you.
Your adder zombie bites the seven-headed hydra.
You sock the seven-headed hydra!
The seven-headed hydra is lightly wounded.
The seven-headed hydra barely misses you.
The seven-headed hydra bites you! The seven-headed hydra bites you.
The seven-headed hydra bites you! The seven-headed hydra bites you.
The seven-headed hydra bites you!
* * * LOW HITPOINT WARNING * * *
The seven-headed hydra bites you!
* * * LOW HITPOINT WARNING * * *
Your adder zombie bites the seven-headed hydra.
You fade into invisibility!
The seven-headed hydra barely misses you.
The seven-headed hydra bites you!
You die...
Kikubaaqudgha rasps: "You have failed me!
Welcome... death!"

..>...# #.#..#
#.?..## #.##..##
.### #.###..#
.....###.####.#####
#...<...Z..†...#
##....#D.Z......#
#.......@........#
...................#
....#...##.#########
..?........#
###.###.#..# #.
..#..# #..# ...#


You could see a seven-headed hydra (unable to see you, ally target) and 2
friendly adder zombies.

Vanquished Creatures
  Pikel (D:7)
  Joseph (D:8)
  Maggie (D:6)
  A wyvern (D:8)
  5 yaks
  A steam dragon (D:7)
  Edmund (D:5)
  Menkaure (Ossuary)
  Duvessa (D:4)
  A water moccasin (D:7)
  A sky beast (D:7)
  2 ogres
  2 ice beasts
  A black bear (D:5)
  A centaur (D:7)
  A phantom (D:3)
  3 bullfrogs
  2 necrophages
  2 scorpions
  4 wights
  Dowan (D:4)
  2 howler monkeys
  3 hounds
  A gnoll bouda (D:5)
  2 orc priests
  2 jellies
  4 iguanas
  3 orc wizards
  3 mummies (Ossuary)
  8 gnolls
  7 adders
  A white imp (D:7)
  An ufetubus (D:5)
  2 worms
  A dart slug (D:5)
  32 orcs
  3 endoplasms
  2 giant cockroaches
  6 goblins
  7 hobgoblins
  5 jackals
  4 kobolds
  A quokka (D:1)
  9 ball pythons
  6 bats
  2 frilled lizards (D:2)
  2 gnoll skeletons (Ossuary)
  5 gnoll zombies (Ossuary)
  4 goblin skeletons (Ossuary)
  6 goblin zombies (Ossuary)
  3 hobgoblin skeletons (Ossuary)
  2 hobgoblin zombies (Ossuary)
  7 kobold skeletons (Ossuary)
  3 kobold zombies (Ossuary)
  5 orc skeletons (Ossuary)
  9 orc zombies (Ossuary)
  5 rats
  4 rat skeletons (Ossuary)
206 creatures vanquished.

Vanquished Creatures (collateral kills)
  An adder (D:2)
  2 orcs
  An endoplasm (D:3)
  A jackal (D:2)
  A bat (D:2)
  A frilled lizard (D:1)
7 creatures vanquished.

Vanquished Creatures (others)
  An adder (D:9)
  A frilled lizard (D:6)
2 creatures vanquished.

Grand Total: 215 creatures vanquished

Notes
Turn   | Place    | Note
-------+----------+-------------------------------------------
     0 | D:1      | greenreed the Ogre Necromancer began the quest for the Orb.
     0 | D:1      | Reached XP level 1. HP: 16/16 MP: 3/3
   237 | D:1      | Reached skill level 1 in Fighting
   237 | D:1      | Reached XP level 2. HP: 27/27 MP: 2/5
   549 | D:1      | Reached skill level 3 in Spellcasting
   802 | D:2      | Reached XP level 3. HP: 33/33 MP: 5/7
  1166 | D:2      | Noticed an ogre
  1178 | D:2      | Killed an ogre
  1179 | D:2      | Reached skill level 1 in Maces & Flails
  1179 | D:2      | Reached skill level 4 in Spellcasting
  1179 | D:2      | Reached XP level 4. HP: 42/42 MP: 2/10
  1179 | D:2      | Reached XP level 5. HP: 49/49 MP: 2/11
  1277 | D:2      | Found Sijaown's General Store.
  1815 | D:3      | Learned a level 3 spell: Vampiric Draining
  2038 | D:3      | Reached skill level 5 in Spellcasting
  2038 | D:3      | Reached XP level 6. HP: 59/59 MP: 1/13
  3088 | D:3      | Learned a level 4 spell: Animate Dead
  3359 | D:4      | Found Hualun's Distillery.
  3727 | D:4      | Reached skill level 6 in Spellcasting
  3727 | D:4      | Reached XP level 7. HP: 67/67 MP: 5/16
  3834 | D:4      | Noticed Duvessa
  3834 | D:4      | Noticed Dowan
  4055 | D:4      | Killed Duvessa
  4167 | D:4      | Killed Dowan
  4602 | D:5      | Entered Level 5 of the Dungeon
  4619 | D:5      | Noticed Edmund
  4631 | D:5      | Killed Edmund
  4632 | D:5      | Reached skill level 5 in Necromancy
  4666 | D:5      | Found a sand-covered staircase.
  4670 | Ossuary  | Entered an ossuary
  4677 | Ossuary  | Reached skill level 7 in Spellcasting
  4972 | Ossuary  | Reached XP level 8. HP: 78/78 MP: 18/18
  4997 | Ossuary  | Noticed Menkaure
  5000 | Ossuary  | Killed Menkaure
  5638 | D:5      | Noticed a yak
  5641 | D:5      | Noticed a yak
  5677 | D:4      | Killed a yak
  5678 | D:4      | Reached skill level 1 in Shields
  5739 | D:5      | Killed a yak
  5745 | D:5      | Noticed a yak
  5745 | D:5      | Noticed a yak
  5754 | D:5      | Noticed a yak
  5754 | D:5      | Noticed a yak
  5917 | D:5      | Found a staircase to the Ecumenical Temple.
  5926 | Temple   | Entered the Ecumenical Temple
  5926 | Temple   | Found a transporter.
  5926 | Temple   | Found a transporter.
  5928 | Temple   | Found a transporter.
  5928 | Temple   | Found a transporter.
  5971 | Temple   | Became a worshipper of Kikubaaqudgha
  6001 | D:5      | Reached skill level 5 in Fighting
  6083 | D:5      | Killed a yak
  6084 | D:5      | Reached skill level 8 in Spellcasting
  6098 | D:4      | Killed a yak
  6099 | D:4      | Reached XP level 9. HP: 77/88 MP: 7/21
  6559 | D:5      | Reached skill level 9 in Spellcasting
  7205 | D:6      | Identified a scroll of acquirement
  7253 | D:6      | Reached * piety under Kikubaaqudgha
  7253 | D:6      | Received a gift from Kikubaaqudgha
  7435 | D:6      | Noticed Maggie
  7463 | D:6      | Killed Maggie
  7556 | D:7      | Reached skill level 10 in Spellcasting
  7625 | D:7      | Acquired the ring "Bataofes" {rF+ Will+ rCorr}
  7655 | D:7      | Found a transporter.
  7656 | D:7      | Found a transporter.
  7659 | D:7      | Noticed Morninglord's ghost (novice TeFi)
  7659 | D:7      | Noticed a moth of wrath
  7662 | D:7      | Found a bloodstained altar of Trog.
  7767 | D:7      | Found a burning altar of Makhleb.
  7827 | D:7      | Noticed a two-headed ogre
  8352 | D:7      | Found an ornate altar of the Wu Jian Council.
  8408 | D:7      | Reached XP level 10. HP: 100/100 MP: 24/24
  8436 | D:8      | Noticed Joseph
  9210 | D:8      | Killed Joseph
  9419 | D:8      | Noticed Pikel
  9432 | D:7      | Killed Pikel
  9433 | D:7      | Reached skill level 5 in Maces & Flails
  9433 | D:7      | Reached skill level 11 in Spellcasting
  9786 | D:8      | Found a white marble altar of Elyvilon.
  9852 | D:8      | Found a hide-covered altar of Uskayaw.
 10103 | D:8      | Found an iron altar of Okawaru.
 10238 | D:8      | Found a glowing silver altar of Zin.
 10508 | D:9      | Noticed a seven-headed hydra
 10516 | D:9      | Slain by a seven-headed hydra

Illustrated notes

Levels and vault maps discovered:
D:1:      lightli_molten_gateway, layout_basic
D:2:      layout_basic, serial_shops, nicolae_shop_advertising_works
          [nicolae_subvault_shop_adworks], kennysheep_generic_room_13
D:3:      layout_loops_corners
D:4:      layout_loops_ring, serial_shops, shop, minivault_4, uniq_duvessa
D:5:      layout_basic, minmay_temple_entry_antechambers,
          nicolae_ossuary_entry_plus, minmay_misc_feat_chi, uniq_edmund
D:6:      layout_rooms, uniq_maggie, uniq_menkaure
D:7:      layout_basic, pdpol_wu_jian_five_deadly_venoms,
          mainiacjoe_overflow_alcove_1, gammafunk_ghost_wrathful_warriors,
          chequers_mini_garden
D:8:      layout_cave_pools, nicolae_uskayaw_dance_hall,
          mainiacjoe_overflow_alcove_2, elyvilon_altar_5, zin_scriptorium,
          nicolae_zen_rock_garden, uniq_pikel, uniq_joseph
D:9:      layout_rooms, mainiacjoe_overflow_paths,
          mainiacjoe_overflow_large_starburst, lair_entry_dummy, serial_shops,
          nicolae_stop_n_shop_1, minmay_fractal_squares_gapless_7, uniq_erolcha
Temple:   hellmonk_temple_divided_pantheon

Skill      XL: |  1  2  3  4  5  6  7  8  9 10 |
---------------+-------------------------------+-----
Fighting       | 1 2 3 4 5 6 7 |  7.0
Spellcasting   | 3 4 5 6 7 8 10 11 | 11.1
Necromancy     | 4 5 6 7 |  7.6
Maces & Flails | 1 2 4 5 |  5.1
Dodging        | 2 |  2.8
Shields        | 1 |  1.0
Stealth        | |  1.4

Action                   |  1- 3 |  4- 6 |  7- 9 | 10-12 || total
-------------------------+-------+-------+-------+-------++-------
Melee: Unarmed           |     2 |       |       |       ||     2
       Club              |    22 |    73 |    11 |       ||   106
       Punch             |       |     2 |     1 |       ||     3
       Giant spiked club |       |     2 |     7 |       ||     9
       Flail             |       |       |   160 |    46 ||   206
 Cast: Necrotise         |    32 |    91 |   161 |    55 ||   339
       Vampiric Draining |       |     5 |    28 |    12 ||    45
       Animate Dead      |       |       |       |     1 ||     1
Invok: Unearth Wretches  |       |       |     1 |     1 ||     2
Evoke: Wand              |       |     3 |     1 |       ||     4
  Use: Scroll            |       |       |    13 |     2 ||    15
       Potion            |       |       |     5 |     1 ||     6
 Stab: Paralysed         |       |     3 |     3 |     1 ||     7
Armor: Robe              |     8 |    16 |    57 |    26 ||   107
       Skin              |       |       |     1 |       ||     1
Dodge: Dodged            |    12 |    43 |   113 |    57 ||   225
Block: Other             |     7 |    33 |    39 |       ||    79

Table legend: (Time is in decaauts)
 A = Elapsed time spent in this place.
 B = Non-inter-level travel time spent in this place.
 C = Inter-level travel time spent in this place.
 D = Time resting spent in this place.
 E = Time spent auto-exploring this place.
 F = Levels seen in this place.
 G = Mean time per level.
                   A        B        C        D        E       F      G
               +--------+--------+--------+--------+--------+-----+--------+
         Total |  10580 |  10141 |    439 |   1644 |   6637 |  11 |  961.8 |
       Dungeon |   9854 |   9415 |    439 |   1644 |   6178 |   9 | 1094.9 |
        Temple |     65 |     65 |      0 |      0 |      0 |   1 |   65.0 |
       Ossuary |    660 |    660 |      0 |      0 |    459 |   1 |  660.0 |
               +--------+--------+--------+--------+--------+-----+--------+

Top non-repeatable levels by time:
     D:7: 2013 daAuts
     D:3: 1748 daAuts
     D:5: 1432 daAuts
     D:4: 1278 daAuts
     D:2: 1084 daAuts
     D:8: 954 daAuts
     D:1: 777 daAuts
 Ossuary: 660 daAuts
     D:6: 537 daAuts
  Temple: 65 daAuts
     D:9: 27 daAuts
